 Dungeon Crawl Stone Soup version 0.22-a0-855-g415d086bb8 (webtiles) character file.

1695 LLavrengius the Zephyrmancer (level 9, -5/52 HPs)
             Began as a Tengu Summoner on July 27, 2018.
             Was a Follower of Sif Muna.
             Slain by Joseph
             ... wielding a +0 quarterstaff
              (12 damage)
             ... on level 7 of the Dungeon.
             The game lasted 00:50:33 (7774 turns).

LLavrengius the Zephyrmancer (Tengu Summoner)       Turns: 7774, Time: 00:50:33

Health: -5/52      AC:  8    Str: 11    XL:     9   Next: 3%
Magic:  2/13       EV: 10    Int: 16    God:    Sif Muna [*.....]
Gold:   288        SH:  0    Dex: 15    Spells: 5/12 levels left

rFire    + . .     SeeInvis .   r - +2 dagger (venom)
rCold    + . .     Gourm    .   (no shield)
rNeg     + + .     Faith    .   v - +1 scale mail {rN+}
rPois    +         Spirit   .   D - +0 hat
rElec    +         Reflect  .   t - +0 cloak
rCorr    +         Harm     .   (no gloves)
MR       .....                  (boots unavailable)
Stlth    +.........             (no amulet)
HPRegen  0.17/turn              f - ring of flight
MPRegen  0.13/turn              o - ring of positive energy

@: resistant
A: beak, talons 3, able to fly 1
a: Fly, Divine Energy, Renounce Religion, Evoke Flight


You were on level 7 of the Dungeon.
You worshipped Sif Muna.
Sif Muna was aware of your devotion.
You were hungry.

You visited 1 branch of the dungeon, and saw 7 of its levels.

You collected 288 gold pieces.

Inventory:

Hand Weapons
 r - a +2 dagger of venom (weapon)
 z - a +1 blowgun
 C - a +0 morningstar
 F - a +0 halberd
 G - a +0 great sword
Missiles
 e - 47 sling bullets
 h - 33 stones (quivered)
 m - 6 curare-tipped needles
 q - 41 arrows
 s - 6 needles of confusion
 A - 34 poisoned needles
Armour
 a - a +0 robe
 t - a +0 cloak (worn)
 v - a +1 scale mail of positive energy (worn)
 D - a +0 hat (worn)
Jewellery
 f - a ring of flight (left hand)
 o - a ring of positive energy (right hand)
 I - a cursed ring of teleportation {unknown}
Wands
 H - a wand of paralysis (21)
Scrolls
 j - 3 scrolls of identify
 n - a scroll of fear
 u - 2 scrolls of random uselessness
 x - a scroll of fog {unknown}
 y - 3 scrolls of magic mapping
 B - a scroll of enchant weapon
Potions
 d - 2 potions of lignification
 i - a potion of agility {unknown}
 k - a potion of curing {unknown}
 l - 2 potions of brilliance
 p - 2 potions of magic
 w - a potion of mutation {unknown}
Comestibles
 c - 10 rations
 E - 5 chunks of flesh


   Skills:
 - Level 4.0 Fighting
 - Level 3.0 Dodging
 - Level 2.0 Stealth
 - Level 2.0 Spellcasting
 - Level 9.1 Summonings
 * Level 10.1 Air Magic


You had 5 spell levels left.
You knew the following spells:

 Your Spells              Type           Power        Failure   Level  Hunger
a - Summon Small Mammal   Summ           ####         3%          1    #......
b - Call Imp              Summ           ####....     4%          2    ###....
c - Summon Lightning Spi  Summ/Air       ####....     26%         4    #####..

Your spell library contained the following spells:

 Spells                   Type           Power        Failure   Level  Hunger
 Magic Dart               Conj           #...         78%         1    #......
 Conjure Flame            Conj/Fire      #.......     98%         3    ###....
 Slow                     Hex            #.......     89%         2    ###....
 Mephitic Cloud           Conj/Pois/Air  ##......     69%         3    ###....
 Blink                    Tloc           N/A          89%         2    ###....
 Summon Ice Beast         Ice/Summ       ###.....     89%         4    #####..
 Call Canine Familiar     Summ           ####....     9%          3    ###....
 Summon Guardian Golem    Hex/Summ       ###.....     52%         3    ###....


Dungeon Overview and Level Annotations

Branches:
Dungeon (7/15)             Temple (0/1) D:6

Altars:
Dithmenos
Hepliaklqana
Okawaru
Ru
Sif Muna
Trog
Wu Jian
Yredelemnul
Zin

Shops:
D:5 [}(?

Annotations:
D:7 Joseph


Innate Abilities, Weirdness & Mutations

You have a beak for a mouth.
You have claws for feet.
You can fly.


Message History

You are feeling hungry.
Your crimson imp hits Joseph.
Joseph unwields an uncursed quarterstaff.
Joseph wields an uncursed hunting sling of freezing.
It is covered in frost.
Joseph shoots a sling bullet.
The sling bullet barely misses your crimson imp.
The sling bullet barely misses you.
Your crimson imp hits Joseph.
Found a metallic puce potion.
Found a stone staircase leading down.
You see here 4 sling bullets.
You start resting.
Something hits your crimson imp!
Your crimson imp dies!
You start resting.
Your crimson imp blinks!
Joseph is too close now for your liking.
You hit Joseph but do no damage. Your kick misses Joseph.
Your peck misses Joseph.
Joseph is heavily wounded.
Joseph hits you with an uncursed quarterstaff!
You die...

#.. #>#.....##...P. #..
#.#.....#...... #..
#.#.....###..##
..###.#.#.### ###.# # #
..##.....########.
##.#.#.##.######.......
.#....#.##(# #.##.##.
.>.....ยง@(.######.##.##.
#...##@#.5.(........... #
#.#@#######.##.##. #....#
#.##.##. #.#####
####.##.... ..
#.......... !.
#.##....... ...
#.########. .## ##+ #.#
#. #.. #.# #.


You could see Joseph.

Vanquished Creatures
  Pikel (D:5)
  A sky beast (D:6)
  An ice beast (D:7)
  2 black bears (D:7)
  2 ogres (D:5)
  Blork the orc (D:5)
  A bullfrog (D:7)
  A crimson imp (D:5)
  2 hounds
  A jelly (D:6)
  3 worker ants
  A hound skeleton (D:6)
  A gnoll (D:3)
  3 adders
  An ooze (D:2)
  5 dart slugs
  2 leopard geckos
  3 giant cockroaches
  9 goblins
  6 hobgoblins
  4 jackals
  3 quokkas
  A ball python (D:4)
  4 bats
  2 frilled lizards (D:1)
  3 kobolds
  A leopard gecko skeleton (D:6)
  A leopard gecko zombie (D:6)
  4 rats
70 creatures vanquished.

Vanquished Creatures (collateral kills)
  A sky beast (D:6)
  2 ogres
  A bullfrog (D:6)
  A scorpion (D:4)
  An orc priest (D:3)
  A bullfrog skeleton (D:4)
  2 orc wizards (D:2)
  6 gnolls
  5 adders
  An ooze (D:1)
  An adder zombie (D:5)
  2 worms
  2 leopard geckos
  10 orcs
  2 goblins (D:1)
  6 hobgoblins
  14 jackals
  A bat (D:1)
  A frilled lizard (D:2)
  A kobold (D:1)
  A rat (D:1)
62 creatures vanquished.

Vanquished Creatures (others)
  A centaur skeleton (D:5)
  A dart slug (D:5)
2 creatures vanquished.

Grand Total: 134 creatures vanquished

Notes
Turn   | Place    | Note
-------+----------+-------------------------------------------
     0 | D:1      | LLavrengius the Tengu Summoner began the quest for the Orb.
     0 | D:1      | Reached XP level 1. HP: 10/10 MP: 4/4
   211 | D:1      | Reached skill level 5 in Summonings
   222 | D:1      | Reached XP level 2. HP: 2/15 MP: 4/6
   226 | D:1      | Learned a level 2 spell: Call Imp
   837 | D:1      | Reached XP level 3. HP: 17/19 MP: 1/7
  1701 | D:2      | Reached XP level 4. HP: 14/24 MP: 3/8
  2002 | D:2      | Noticed an ogre
  2017 | D:2      | Killed an ogre
  2017 | D:2      | Gained mutation: You can fly. [Tengu growth]
  2017 | D:2      | Reached XP level 5. HP: 28/28 MP: 1/9
  3606 | D:3      | Reached XP level 6. HP: 27/32 MP: 7/10
  3612 | D:3      | Learned a level 4 spell: Summon Lightning Spire
  3881 | D:4      | Reached skill level 1 in Air Magic
  4112 | D:4      | Reached skill level 2 in Air Magic
  4539 | D:4      | Reached skill level 3 in Air Magic
  5030 | D:5      | Entered Level 5 of the Dungeon
  5094 | D:5      | Found a sacrificial altar of Ru.
  5119 | D:5      | Found a deep blue altar of Sif Muna.
  5119 | D:5      | Found a glowing silver altar of Zin.
  5188 | D:5      | Became a worshipper of Sif Muna the Loreminder
  5232 | D:5      | Found Ronwill's Gadget Shop.
  5245 | D:5      | Found Voxidono's Antique Armour Boutique.
  5259 | D:5      | Reached XP level 7. HP: 37/37 MP: 0/11
  5290 | D:5      | Noticed Pikel
  5345 | D:5      | Killed Pikel
  5345 | D:5      | Reached skill level 6 in Air Magic
  5466 | D:5      | Found Dazobox's Antique Weapon Emporium.
  5545 | D:5      | Noticed Blork the orc
  5561 | D:5      | Killed Blork the orc
  5561 | D:5      | Reached XP level 8. HP: 40/45 MP: 6/12
  5609 | D:5      | Found Qyedun's Magic Scroll Shop.
  5654 | D:5      | Found an ornate altar of the Wu Jian Council.
  5654 | D:5      | Found a basalt altar of Yredelemnul.
  5753 | D:5      | Reached * piety under Sif Muna
  5943 | D:6      | Reached skill level 7 in Air Magic
  6091 | D:6      | Found a hazy altar of Hepliaklqana.
  6515 | D:6      | Reached skill level 8 in Air Magic
  6525 | D:6      | Found a staircase to the Ecumenical Temple.
  6794 | D:6      | Found a shadowy altar of Dithmenos.
  6861 | D:6      | Found an iron altar of Okawaru.
  7060 | D:6      | Noticed a troll
  7387 | D:7      | Reached skill level 9 in Air Magic
  7643 | D:7      | Found a bloodstained altar of Trog.
  7688 | D:7      | Reached skill level 10 in Air Magic
  7688 | D:7      | Reached XP level 9. HP: 46/52 MP: 13/13
  7744 | D:7      | Noticed Joseph
  7774 | D:7      | Slain by Joseph

Vault maps used:
D:1:      minmay_arrival_floating_metal, hangedman_decor_push
D:4:      glass_columns_c
D:5:      minitemple, gammafunk_temple_overflow_statue, serial_shops,
          kennysheep_little_box, shop, kennysheep_mini, shop, first_ration,
          uniq_pikel, uniq_blork_the_orc
D:6:      marbit_many_paths, kennysheep_okawaru_gauntlet, slow_altar_1,
          nicolae_overflow_crystal_walls, minmay_temple_entry_fiery,
          kennysheep_potato
D:7:      lemuel_doored_altar, trog_ov_bears_minmay, kennysheep_diamond,
          the_bakery, minmay_crystal_room, uniq_joseph

Skill      XL: |  1  2  3  4  5  6  7  8 |
---------------+-------------------------+-----
Summonings     | 5 6 7 8 9 |  9.1
Dodging        | 3 |  3.0
Air Magic      | 3 6 10 | 10.1
Fighting       | 2 4 |  4.0
Stealth        | |  2.0
Spellcasting   | |  2.0

Action                   |  1- 3 |  4- 6 |  7- 9 || total
-------------------------+-------+-------+-------++-------
Melee: Unarmed           |    19 |       |       ||    19
       Kick              |    16 |    27 |    34 ||    77
       Peck              |    17 |    15 |    25 ||    57
       Whip              |    58 |    99 |       ||   157
       Club              |     6 |       |       ||     6
       Dagger            |       |       |   134 ||   134
       Morningstar       |       |       |     2 ||     2
       Halberd           |       |       |    11 ||    11
 Fire: Blowgun           |       |     1 |     7 ||     8
Throw: Stone             |    14 |    10 |       ||    24
 Cast: Summon Small Mamm |     5 |       |       ||     5
       Call Imp          |    12 |    48 |    30 ||    90
 Abil: Evoke Flight      |     2 |       |       ||     2
  Use: Scroll            |       |    11 |     1 ||    12
       Potion            |       |     3 |     2 ||     5
 Stab: Sleeping          |       |     3 |       ||     3
       Distracted        |       |     1 |     1 ||     2
  Eat: Chunk             |     3 |    14 |     4 ||    21
       Ration            |       |       |     2 ||     2
Armor: Robe              |    19 |    10 |       ||    29
       Scale mail        |       |    23 |    72 ||    95
Dodge: Dodged            |    69 |    66 |    80 ||   215

Table legend:
 A = Spawn XP
 B = Non-spawn XP
 C = Spawn XP percentage of total XP
 D = Spawn monster count
 E = Non-spawn monster count
 F = Spawn count percentage of total count
 G = Total turns spent on level
                    A         B        C        D         E        F      G
               +---------+---------+-------+---------+---------+-------+---------
         Total |       0 |    2422 |   0.0 |       0 |     132 |   0.0 |  7774
               +---------+---------+-------+---------+---------+-------+---------
           D:1 |       0 |      50 |   0.0 |       0 |      34 |   0.0 |  1605
           D:2 |       0 |     191 |   0.0 |       0 |      33 |   0.0 |  1307
           D:3 |       0 |      99 |   0.0 |       0 |      20 |   0.0 |   937
           D:4 |       0 |     212 |   0.0 |       0 |      15 |   0.0 |  1181
           D:5 |       0 |     878 |   0.0 |       0 |       7 |   0.0 |   875
           D:6 |       0 |     516 |   0.0 |       0 |      18 |   0.0 |  1198
           D:7 |       0 |     476 |   0.0 |       0 |       5 |   0.0 |   671
               +---------+---------+-------+---------+---------+-------+---------
